 Dungeon Crawl Stone Soup version 0.14-a0-181-gf6fe0c6 (webtiles) character file.

244 Malachi the Ruffian (level 4, 0/35 HPs)
             Began as a Centaur Transmuter on Oct 7, 2013.
             Slain by an orc
             ... wielding a +0,+1 orcish flail
              (7 damage)
             ... on Level 3 of the Dungeon.
             The game lasted 00:03:08 (2171 turns).

Malachi the Ruffian (Centaur Transmuter)            Turns: 2171, Time: 00:03:09

HP   0/35        AC  5     Str 13      XL: 4   Next:  2%
MP   4/4         EV 10     Int 13      God:
Gold 175         SH  0     Dex  9      Spells:  1 memorised,  5 levels left

Res.Fire  : . . .   See Invis. : .     - Unarmed
Res.Cold  : . . .   Warding    : .   c - +0 robe
Life Prot.: . . .   Conserve   : .   (no shield)
Res.Poison: .       Res.Corr.  : .   n - +0 golden helmet
Res.Elec. : .       Clarity    : .   (no cloak)
Sust.Abil.: . .     Spirit.Shd : .   (no gloves)
Res.Mut.  : .       Stasis     : .   (no barding)
Res.Rott. : .       Flight     : .   (no amulet)
Saprovore : . . .                    (no ring)
                                     (no ring)

@: very quick, slightly resistant to hostile enchantments, extremely unstealthy
A: hooves 3, deformed body, herbivore 1, speed 2, fast metabolism 1, tough skin
3
a: no special abilities


You were on level 3 of the Dungeon.
You were not hungry.

You visited 1 branch of the dungeon, and saw 3 of its levels.

You collected 155 gold pieces.

Inventory:

Missiles
 b - 12 arrows
Armour
 c - a +0 robe (worn)
 n - a +0 golden helmet (worn)
Comestibles
 a - 6 bread rations
 h - a meat ration
 k - a slice of pizza
 l - an apple
 r - a pear
Scrolls
 e - 5 scrolls of identify {unknown}
 f - a scroll of curse weapon {unknown}
 i - a scroll of fog {unknown}
 j - a scroll of recharging {unknown}
 m - a scroll of enchant weapon II {unknown}
 o - a scroll of noise {unknown}
 p - a scroll of magic mapping {unknown}
 t - a scroll of fear {unknown}
 u - a scroll of curse jewellery {unknown}
Potions
 g - 2 potions of curing {unknown}
 s - a potion of heal wounds {unknown}
Books
 d - a book of Changes

   Spells                             Type                      Level
   *Beastly Appendage                 Transmutation                1
   Sticks to Snakes                   Transmutation                2
   Spider Form                        Transmutation/Poison         3
   Ice Form                           Ice/Transmutation            4
   Blade Hands                        Transmutation                5


   Skills:
 + Level 1.5 Fighting
 + Level 1.8 Dodging
 * Level 4.1 Unarmed Combat
 + Level 1.6 Spellcasting
 + Level 2.1 Transmutations


You had 5 spell levels left.
You knew the following spells:

 Your Spells              Type           Power        Failure   Level  Hunger
a - Beastly Appendage     Trmt           #.....       12%         1    ##.....


Dungeon Overview and Level Annotations

Branches:
Dungeon (3/27)

Altars:
Vehumet


Innate Abilities, Weirdness & Mutations

You have hooves in place of feet.
Armour fits poorly on your strangely shaped body.
You digest meat inefficiently.
You cover ground very quickly.
You have a fast metabolism.
You have extremely tough skin (AC +3).


Message History

You hit the orc. You kick the orc.
You kill the orc!
You have reached level 4!
You feel stronger.
You see here an orcish flail.
An orc wizard comes into view. It is wielding an orcish dagger.
The orc wizard shouts!
The orc wizard casts a spell.
You feel troubled. The orc hits you but does no damage.
You hit the orc.
The orc is severely wounded.
You barely miss the orc wizard. The orc hits you with an orcish flail.
* * * LOW HITPOINT WARNING * * *
You completely miss the orc wizard. The orc wizard barely misses you.
The orc wizard mumbles some strange words.
You feel a wave of unholy energy pass over you.
You hit the orc wizard but do no damage.
The orc wizard closely misses you. The orc hits you with an orcish flail!
You die...

######...........#..#.# #.
.......###.###...#..#.# #.
######.# #.# #...#..#.# #.
######.###'###...#..#.# #.
.......###_'.)o.......# #>
######.###'###.#o#..### #.
.......# #.# #)#.#..# #.
###....###.###.#.#..# #.
...............#@#..# #.
##............'oo#..# #.
#)...........####..############.
#.#+##.............#............
#. #.##########.##.###########
## #.# ......................# #
# #.# .#######.##.##...####.# #
. #.# #<..............# #.# ##.
#w# #.#.#..#####.#######.#


You could see 2 orc wizards and an orc.

Vanquished Creatures
  An adder (D:2)
  A worm (D:3)
  3 giant geckos
  An ooze (D:2)
  2 orcs (D:3)
  3 ball pythons
  4 giant cockroaches
  7 hobgoblins
  3 bats
  3 goblins
  9 jackals
  5 kobolds
  4 rats
46 creatures vanquished.

Notes
Turn   | Place    | Note
--------------------------------------------------------------
     0 | D:1      | Malachi, the Centaur Transmuter, began the quest for the Orb.
     0 | D:1      | Reached XP level 1. HP: 16/16 MP: 1/1
   284 | D:1      | Reached XP level 2. HP: 21/23 MP: 2/2
   996 | D:2      | Reached XP level 3. HP: 18/28 MP: 2/4
  1076 | D:2      | Reached skill level 4 in Unarmed Combat
  1891 | D:3      | Found a radiant altar of Vehumet.
  2154 | D:3      | Reached XP level 4. HP: 11/35 MP: 4/4
  2171 | D:3      | Slain by an orc

Action                   |  1- 3 |  4- 6 || total
-------------------------+-------+-------++-------
Melee: Unarmed           |   173 |     4 ||   177
 Cast: Beastly Appendage |    14 |       ||    14
